 Dungeon Crawl Stone Soup version 0.30-a0-141-g30f27751c5 (webtiles) character file.

Game seed: 2674462488681574651

1325 qw the Cleaver (level 8, -6/51 HPs)
             Began as a Gargoyle Fighter on Sept 25, 2022.
             Mangled by Maggie
             ... wielding a +3 war axe of flaming
              (12 damage)
             ... on level 6 of the Dungeon.
             The game lasted 00:01:54 (5886 turns).

qw the Cleaver (Gargoyle Fighter)                   Turns: 5886, Time: 00:01:55

Health: -6/51      AC: 15    Str: 28    XL:     8   Next: 60%
Magic:  8/8        EV:  8    Int:  9    God:
Gold:   158        SH:  4    Dex:  9    Spells: 7/7 levels left

rFire   . . .      SeeInvis .    e - +6 broad axe (vorpal)
rCold   . . .      Faith    .    c - +0 buckler
rNeg    + . .      Spirit   .    o - +0 chain mail
rPois   inf        Reflect  .    g - +0 helmet
rElec   +          Harm     .    u - scarf {repulsion}
rCorr   .          Rampage  .    (no gloves)
Will    .....                    (no boots)
Stlth   ..........               (no amulet)
HPRegen 0.17/turn                i - +6 ring of strength
MPRegen 0.11/turn                (no ring)

@: about to teleport, mesmerised, repel missiles
A: sickness immunity, AC +5, negative energy resistance 1, electricity
resistance, torment resistance 1, petrification resistance
a: no special abilities


You were on level 6 of the Dungeon.
You visited 1 branch of the dungeon, and saw 6 of its levels.

You collected 330 gold pieces.
You spent 172 gold pieces at shops.


Innate Abilities, Weirdness & Mutations

You are immune to sickness and miasma.
Your stone body is resilient. (AC +5)
You are immune to poison.
You resist negative energy. (rN+)
You are resistant to electric shocks. (rElec)
You are resistant to unholy torment.
You are immune to petrification.


   Skills:
 + Level 5.7 Fighting
 - Level 8.1 Axes
 - Level 1.7 Throwing
 - Level 3.2 Armour
 - Level 1.7 Dodging
 - Level 3.2 Shields


You had 7 spell levels left.
You didn't know any spells.
Your spell library was empty.

Inventory:

Hand Weapons
 e - a +6 vorpal broad axe (weapon)
 t - a +0 morningstar
Missiles
 b - 3 boomerangs (quivered)
Armour
 c - a +0 buckler (worn)
 g - a +0 helmet (worn)
 o - a +0 chain mail (worn)
 p - a +0 cloak
 u - a scarf of repulsion (worn)
Jewellery
 i - a +6 ring of strength (left hand)
Scrolls
 f - a scroll of identify
Potions
 a - a potion of resistance
 d - a potion of might
 j - 6 potions of curing
 k - a potion of mutation
 l - a potion of lignification
 m - a potion of cancellation
 n - a potion of heal wounds
 q - a potion of flight {unknown}
 s - a potion of attraction {unknown}

Dungeon Overview and Level Annotations

Branches:
Dungeon (6/15)
 Temple: D:4-7

Altars:

Shops:
D:2 :((!?   D:3 !   D:5 :   D:6 (

Annotations:
D:4 1 runed translucent door, Crazy Yiuf
D:6 Maggie


Message History

You now have 158 gold pieces (gained 15).
As you open the door, it creaks loudly!
An orc and an iguana come into view.
The orc shouts!
The iguana hisses angrily.
The iguana moves out of view.
Enter note: Throw: 3 boomerangs
Press: ? - help, Q - select action Shift-Dir - straight line, f - orc You throw a boomerang.
The boomerang closely misses the orc.
You slice the orc!!
You kill the orc!
You slice the iguana!!
You kill the iguana!
Found a leather armour.
There is an open door, spattered with blood here.
You see here a +0 club.
There is an entrance to Jaubb's Weapon Emporium here.
There is an open door, spattered with blood here.
You see here a +0 club.
Found a robe.
5878 ||| Stepping ~*~*~tactically~*~*~ (hiding).
You start waiting.
Maggie is nearby!
Maggie hits you with a +3 war axe of flaming!
Maggie burns you.
You closely miss Maggie. Maggie gestures at you while chanting.
The bolt of fire hits you!!
You hit Maggie.
Maggie is lightly wounded.
Maggie gestures wildly while chanting.
Maggie attempts to bespell you!
You are mesmerised by Maggie!
Maggie casts a spell at you. The bolt of fire hits you!
5886 ||| READING scroll of teleportation.
As you read the scroll of teleportation, it crumbles to dust.
You feel strangely unstable.
Maggie hits you with a +3 war axe of flaming!
You die...

#.......(....#
#............#
##..........##
#...[.##...##
###.##.#######
###......# #.....####
#######.. # ##.#..##
#.@.....# ###...[.###
###@#
#.....#...####...#
..#...###..#...####
###...# ##.........#
#...### #.........#
#..## #.........# .<#
##.........#
[.####.Y...........#
.().).........[......


You could see Maggie (mesmerising).

Vanquished Creatures
  A water moccasin (D:3)
  An ice beast (D:6)
  An ogre (D:5)
  2 phantoms (D:4)
  Blork the orc (D:4)
  3 necrophages
  2 scorpions (D:5)
  A jelly (D:6)
  4 hounds
  A gnoll bouda (D:5)
  Terence (D:2)
  Natasha (twice) (D:2)
  2 iguanas (D:6)
  An orc wizard (D:6)
  Robin (D:2)
  8 adders
  A white imp (D:6)
  An ufetubus (D:4)
  2 worms (D:2)
  5 dart slugs
  9 orcs
  8 ball pythons
  8 endoplasms
  4 giant cockroaches
  18 goblins
  3 hobgoblins
  4 jackals (D:1)
  7 quokkas
  9 bats
  2 frilled lizards
  4 kobolds
  2 rats (D:2)
119 creatures vanquished.

Vanquished Creatures (others)
  A plant (D:3)
1 creature vanquished.

Grand Total: 120 creatures vanquished

Notes
Turn   | Place    | Note
-------+----------+-------------------------------------------
     0 | D:1      | qw the Gargoyle Fighter began the quest for the Orb.
     0 | D:1      | Reached XP level 1. HP: 14/14 MP: 1/1
     0 | D:1      | 0 ||| qw: Version: 0.2-a-10-g399e6c4
     0 | D:1      | 0 ||| qw: Game counter: 282
     0 | D:1      | 0 ||| qw: Always use a shield: true
     0 | D:1      | 0 ||| qw: God list: Okawaru
     0 | D:1      | 0 ||| qw: Allow faded altars: false
     0 | D:1      | 0 ||| qw: Do Orc after D:15 true
     0 | D:1      | 0 ||| qw: Do second Lair branch before Depths: true
     0 | D:1      | 0 ||| qw: Lair rune preference: random
     0 | D:1      | 0 ||| qw: Plans: Normal, Zot:1-4, God:TSO, Crypt, Tomb,
                  | Pan, Slime:5, Hells, Abyss, Orb
     0 | D:1      | 0 ||| PLANNING D:1-11
     7 | D:1      | Reached skill level 2 in Axes
    32 | D:1      | Reached XP level 2. HP: 19/19 MP: 2/2
   421 | D:1      | Reached skill level 3 in Axes
   622 | D:1      | Reached XP level 3. HP: 23/23 MP: 3/3
   829 | D:1      | 829 ||| UPGRADING to +0 chain mail.
   839 | D:1      | 839 ||| DROPPING +0 scale mail.
   840 | D:1      | 840 ||| UPGRADING to +6 ring of strength.
   841 | D:1      | 841 ||| READING scroll labelled ZUSIUGR XUFIX.
   842 | D:1      | 842 ||| READING 2 scrolls labelled ICVUPN BOEPOKH.
   847 | D:1      | 847 ||| READING scroll labelled QIUGYU URHE.
   848 | D:1      | 848 ||| READING 2 scrolls labelled GUTRICW YTEXTO.
   849 | D:1      | 849 ||| READING scroll labelled CORUUS GAGOFFEE.
   850 | D:1      | 850 ||| DROPPING scroll of noise.
   893 | D:2      | Found Mupiucar's Weapon Emporium.
   935 | D:2      | Found Keih's Book Boutique.
   935 | D:2      | Noticed Robin
   943 | D:2      | HP: 4/23 [goblin/+0 dagger[Robin] (4)]
   944 | D:2      | 944 ||| READING scroll of teleportation.
  1131 | D:2      | 1131 ||| Stepping ~*~*~tactically~*~*~ (stealth).
  1238 | D:2      | Found Leelor's Magic Scroll Boutique.
  1259 | D:2      | 1259 ||| Stepping ~*~*~tactically~*~*~ (hiding).
  1260 | D:2      | Found Gyuj's Distillery.
  1261 | D:2      | 1261 ||| Stepping ~*~*~tactically~*~*~ (hiding).
  1372 | D:2      | 1372 ||| SHOPLISTING scroll of brand weapon (95 gold, have
                  | 54).
  1372 | D:2      | 1372 ||| SHOPLISTING scroll of enchant armour (75 gold,
                  | have 54).
  1372 | D:2      | 1372 ||| BUYING scroll of identify (20 gold).
  1372 | D:2      | Bought a scroll of identify for 20 gold pieces
  1372 | D:2      | 1372 ||| BUYING scroll of identify (20 gold).
  1372 | D:2      | Bought a scroll of identify for 20 gold pieces
  1372 | D:2      | 1372 ||| SHOPLISTING scroll of teleportation (30 gold, have
                  | 14).
  1381 | D:2      | 1381 ||| SHOPLISTING potion of attraction (42 gold, have
                  | 14).
  1381 | D:2      | 1381 ||| SHOPLISTING potion of curing (42 gold, have 14).
  1381 | D:2      | 1381 ||| SHOPLISTING potion of lignification (42 gold, have
                  | 14).
  1381 | D:2      | 1381 ||| SHOPLISTING potion of might (56 gold, have 14).
  1433 | D:2      | Reached XP level 4. HP: 28/28 MP: 4/4
  1453 | D:2      | Found Gicegav's Antique Weapon Boutique.
  1456 | D:2      | 1456 ||| SHOPLISTING flail (84 gold, have 14).
  1474 | D:2      | 1474 ||| Stepping ~*~*~tactically~*~*~ (stealth).
  1490 | D:2      | Reached skill level 4 in Axes
  1564 | D:2      | 1564 ||| Stepping ~*~*~tactically~*~*~ (stealth).
  1565 | D:2      | 1565 ||| Stepping ~*~*~tactically~*~*~ (stealth).
  1568 | D:2      | 1568 ||| Stepping ~*~*~tactically~*~*~ (stealth).
  1572 | D:2      | Killed Robin
  2024 | D:2      | Noticed Natasha
  2041 | D:2      | Killed Natasha
  2042 | D:2      | Reached XP level 5. HP: 24/32 MP: 5/5
  2142 | D:2      | Noticed Terence
  2143 | D:2      | 2143 ||| Stepping ~*~*~tactically~*~*~ (hiding).
  2152 | D:2      | Noticed Natasha
  2156 | D:2      | Killed Terence
  2158 | D:2      | HP: 6/32 [Natasha (6)]
  2160 | D:2      | Killed Natasha
  2161 | D:2      | Reached skill level 5 in Axes
  2596 | D:2      | 2596 ||| UPGRADING to +0 helmet.
  2601 | D:2      | 2601 ||| READING scroll labelled LUSERIKAZO.
  2602 | D:2      | 2602 ||| DRINKING 2 metallic orange potions.
  2603 | D:2      | 2603 ||| DRINKING 2 puce potions.
  2645 | D:2      | 2645 ||| DRINKING 2 gluggy blue potions.
  2646 | D:2      | 2646 ||| READING 3 scrolls of identify.
  2646 | D:2      | 2646 ||| IDENTIFYING inky potion
  2647 | D:2      | 2647 ||| DROPPING potion of invisibility.
  2648 | D:2      | 2648 ||| DROPPING potion of ambrosia.
  2675 | D:3      | 2675 ||| STAIRDANCE
  2807 | D:3      | 2807 ||| Stepping ~*~*~tactically~*~*~ (stealth).
  2812 | D:3      | Found a faded altar of an unknown god.
  2855 | D:3      | Found Dacul's Distillery.
  2861 | D:3      | 2861 ||| BUYING potion of cancellation (96 gold).
  2861 | D:3      | Bought a potion of cancellation for 96 gold pieces
  2861 | D:3      | 2861 ||| BUYING potion of curing (36 gold).
  2861 | D:3      | Bought a potion of curing for 36 gold pieces
  2861 | D:3      | 2861 ||| SHOPLISTING potion of curing (36 gold, have 3).
  2861 | D:3      | 2861 ||| SHOPLISTING potion of haste (120 gold, have 3).
  2861 | D:3      | 2861 ||| SHOPLISTING potion of lignification (36 gold, have
                  | 3).
  2861 | D:3      | 2861 ||| SHOPLISTING potion of might (48 gold, have 3).
  2906 | D:3      | Noticed a water moccasin
  2921 | D:3      | Killed a water moccasin
  2922 | D:3      | Reached XP level 6. HP: 24/40 MP: 6/6
  3141 | D:3      | 3141 ||| Stepping ~*~*~tactically~*~*~ (stealth).
  3515 | D:3      | 3515 ||| UPGRADING to +0 cloak.
  3520 | D:3      | 3520 ||| DROPPING ring of wizardry.
  3521 | D:3      | 3521 ||| READING scroll labelled ROZ KOEMOQORR.
  3522 | D:3      | 3522 ||| READING 2 scrolls of identify.
  3522 | D:3      | 3522 ||| IDENTIFYING blue potion
  3694 | D:4      | 3694 ||| Stepping ~*~*~tactically~*~*~ (stealth).
  3837 | D:4      | Reached XP level 7. HP: 42/44 MP: 7/7
  3862 | D:4      | Reached skill level 6 in Axes
  4068 | D:4      | Found a runed translucent door.
  4069 | D:4      | Noticed Crazy Yiuf
  4113 | D:4      | Noticed Blork the orc
  4120 | D:4      | Killed Blork the orc
  4121 | D:4      | Reached skill level 1 in Dodging
  4482 | D:4      | 4482 ||| READING 2 scrolls of identify.
  4482 | D:4      | 4482 ||| IDENTIFYING emerald potion
  4498 | D:5      | Entered Level 5 of the Dungeon
  4570 | D:5      | 4570 ||| DROPPING +0 whip.
  4648 | D:5      | 4648 ||| Stepping ~*~*~tactically~*~*~ (hiding).
  4661 | D:5      | Reached skill level 7 in Axes
  4668 | D:5      | Reached XP level 8. HP: 44/49 MP: 8/8
  4706 | D:5      | 4706 ||| DROPPING +0 flail.
  4739 | D:5      | 4739 ||| Stepping ~*~*~tactically~*~*~ (stealth).
  4752 | D:5      | Reached skill level 1 in Throwing
  5092 | D:5      | Found Huxeamoic's Book Boutique.
  5224 | D:5      | 5224 ||| UPGRADING to scarf of repulsion.
  5234 | D:5      | 5234 ||| READING 2 scrolls labelled SIFROICKAG.
  5235 | D:5      | 5235 ||| READING scroll labelled CIL DE OZIHOFROXKU.
  5336 | D:5      | 5336 ||| READING 2 scrolls of identify.
  5336 | D:5      | 5336 ||| IDENTIFYING fuming black potion
  5337 | D:5      | 5337 ||| DROPPING potion of magic.
  5338 | D:5      | 5338 ||| DROPPING scroll of fear.
  5367 | D:6      | 5367 ||| Stepping ~*~*~tactically~*~*~ (stealth).
  5373 | D:6      | 5373 ||| Stepping ~*~*~tactically~*~*~ (stealth).
  5486 | D:6      | 5486 ||| Stepping ~*~*~tactically~*~*~ (stealth).
  5493 | D:6      | 5493 ||| FLEEEEING.
  5494 | D:6      | 5494 ||| FLEEEEING.
  5495 | D:6      | 5495 ||| FLEEEEING.
  5508 | D:6      | Reached skill level 8 in Axes
  5513 | D:6      | Noticed Maggie
  5514 | D:6      | 5514 ||| FLEEEEING.
  5515 | D:6      | 5515 ||| STAIRDANCE
  5712 | D:5      | 5712 ||| READING scroll labelled ECZABL WYCSOI.
  5712 | D:5      | Identified a scroll of acquirement
  5712 | D:5      | 5712 ||| ACQUIRING +5 vorpal broad axe
  5712 | D:5      | Acquired a +5 vorpal broad axe
  5714 | D:5      | 5714 ||| SWAPPING to +5 vorpal broad axe.
  5715 | D:5      | 5715 ||| DROPPING +1 war axe.
  5728 | D:6      | 5728 ||| READING scroll of enchant weapon.
  5728 | D:6      | 5728 ||| ENCHANTING +5 vorpal broad axe.
  5825 | D:6      | Found Jaubb's Weapon Emporium.
  5878 | D:6      | 5878 ||| Stepping ~*~*~tactically~*~*~ (hiding).
  5885 | D:6      | HP: 5/51 [Maggie/bolt of fire (15)]
  5886 | D:6      | 5886 ||| READING scroll of teleportation.
  5886 | D:6      | Mangled by Maggie

Levels and vault maps discovered:
D:1:      dpeg_arrival_stonehenge_12_columns, layout_basic
D:2:      layout_basic, serial_shops, nicolae_shop_statue_plus,
          nicolae_shop_behind_doors, nicolae_diamond_shop, shop,
          nicolae_shop_bloodbath_and_beyond, uniq_terence, uniq_natasha,
          uniq_robin
D:3:      layout_basic, serial_shops, shop,
          shapermc_ecumenical_altar_mp_ritualfount, serial_bayou_lagoon_b
D:4:      nicolae_cairo_tiling_very_big, layout_cave_pods, uniq_blork_the_orc,
          uniq_crazy_yiuf_cottage
D:5:      minmay_spotlight, layout_basic, serial_shops, nicolae_shop_crystal
D:6:      layout_rooms, kennysheep_little_box, kennysheep_small_circle,
          uniq_maggie

Skill      XL: |  1  2  3  4  5  6  7  8 |
---------------+-------------------------+-----
Axes           | 2 3 4 5 7 8 |  8.1
Fighting       | 4 5 |  5.7
Dodging        | 1 |  1.7
Throwing       | 1 |  1.7
Armour         | |  3.2
Shields        | |  3.2

Action                   |  1- 3 |  4- 6 |  7- 9 || total
-------------------------+-------+-------+-------++-------
Melee: War axe           |    92 |   154 |   105 ||   351
       Broad axe         |       |       |    12 ||    12
Throw: Boomerang         |     4 |    54 |    22 ||    80
  Use: Scroll            |     6 |     4 |     7 ||    17
       Potion            |       |     3 |       ||     3
Armor: Scale mail        |    28 |       |       ||    28
       Chain mail        |    41 |    95 |    70 ||   206
Dodge: Dodged            |    41 |    54 |    41 ||   136
Block: Buckler           |    16 |    31 |    20 ||    67

Table legend:
 A = Non-vault XP
 B = Vault XP
 C = Vault XP percentage of total XP
 D = Non-vault monster count
 E = Vault monster count
 F = Vault count percentage of total count
                 A         B        C        D         E       F
            +---------+---------+-------+---------+---------+-------
      Total |    1199 |     695 |  36.7 |      94 |      25 |  21.0
            +---------+---------+-------+---------+---------+-------
        D:1 |      36 |       0 |   0.0 |      19 |       0 |   0.0
        D:2 |     127 |     109 |  46.2 |      25 |      15 |  37.5
        D:3 |     178 |       0 |   0.0 |      17 |       0 |   0.0
        D:4 |     411 |      91 |  18.1 |      15 |       1 |   6.2
        D:5 |      64 |     456 |  87.7 |       4 |       7 |  63.6
        D:6 |     383 |      39 |   9.2 |      14 |       2 |  12.5
            +---------+---------+-------+---------+---------+-------
